 Dungeon Crawl Stone Soup version 0.29.0-15-g675c0067aa (webtiles) character file.

Game seed: 15917917307963034978

46 qw the Sneak (level 3, 0/23 HPs)
             Began as a Gargoyle Delver on Sept 11, 2022.
             Slain by an ice beast (6 damage)
             ... on level 5 of the Dungeon.
             The game lasted 00:00:09 (548 turns).

qw the Sneak (Gargoyle Delver)                       Turns: 548, Time: 00:00:09

Health: 0/23       AC:  6    Str: 17    XL:     3   Next: 68%
Magic:  3/3        EV: 11    Int: 10    God:
Gold:   0          SH:  0    Dex: 11    Spells: 2/2 levels left

rFire   . . .      SeeInvis .   Y - +0 hand axe
rCold   . . .      Faith    .   (no shield)
rNeg    + . .      Spirit   .   b - +0 leather armour
rPois   inf        Reflect  .   (no helmet)
rElec   +          Harm     .   (no cloak)
rCorr   .          Rampage  .   (no gloves)
Will    .....                   (no boots)
Stlth   +++.......              (no amulet)
HPRegen 0.07/turn               (no ring)
MPRegen 0.08/turn               (no ring)

@: no status effects
A: sickness immunity, AC +3, negative energy resistance 1, electricity
resistance, torment resistance 1, petrification resistance
a: no special abilities


You were on level 5 of the Dungeon.
You visited 1 branch of the dungeon, and saw 1 of its levels.


Innate Abilities, Weirdness & Mutations

You are immune to sickness and miasma.
Your stone body is resilient. (AC +3)
You are immune to poison.
You resist negative energy. (rN+)
You are resistant to electric shocks. (rElec)
You are resistant to unholy torment.
You are immune to petrification.


   Skills:
 - Level 3.2 Fighting
 + Level 3.5 Axes
 - Level 1.5 Dodging
 - Level 5.4 Stealth


You had 2 spell levels left.
You didn't know any spells.
Your spell library was empty.

Inventory:

Hand Weapons
 Y - a +0 hand axe (weapon)
Armour
 b - a +0 leather armour (worn)
Wands
 g - a wand of digging (3)
Scrolls
 a - a scroll of amnesia {unknown}
Potions
 f - a potion of haste

Dungeon Overview and Level Annotations

Branches:
Dungeon (5/15)
 Temple: D:4-7

Altars:
Vehumet
The Shining One


Message History

You kill the shadow imp!
You start resting.
HP restored.
a - a scroll labelled MULEVV MAAN An ice beast comes into view.
Found 15 gold pieces.
531 ||| Stepping ~*~*~tactically~*~*~ (stealth).
An ice beast and an orc come into view.
You barely miss the ice beast. Your punch misses the ice beast.
The ice beast hits you. The ice beast freezes you!
Ouch! That really hurt!
You closely miss the ice beast. The ice beast barely misses you.
You barely miss the ice beast. The ice beast closely misses you.
You hit the ice beast but do no damage. The ice beast barely misses you.
You hit the ice beast but do no damage. The ice beast barely misses you.
The orc closely misses you. The ice beast misses you.
You barely miss the ice beast. You closely miss the orc.
The orc closely misses you.
The ice beast hits you but does no damage.
You hit the ice beast.
The ice beast is moderately wounded.
You hit the orc. The ice beast barely misses you. The orc barely misses you.
You barely miss the ice beast.
The ice beast is moderately wounded.
You barely miss the orc. The orc closely misses you.
The ice beast barely misses you.
You hit the ice beast but do no damage.
The ice beast is moderately wounded.
You hit the orc. The ice beast completely misses you.
The orc completely misses you.
You hit the ice beast.
The ice beast is moderately wounded.
You hit the orc. The ice beast hits you. The ice beast freezes you.
You die...

+#. #.. # #...#
#.#.# .... ###
####+##.## ....
#........#.....
#..............
#.....#@o......
#.....#.Y......
#.....#......#.
#.....#.......#
#.....#........
#.....#.$.....#
#.....#......#.
#.....#...##..
#.....#


You could see an ice beast and an orc.

Vanquished Creatures
  A hound (D:5)
  An adder (D:5)
  A shadow imp (D:5)
3 creatures vanquished.

Vanquished Creatures (others)
  An adder (D:5)
1 creature vanquished.

Grand Total: 4 creatures vanquished

Notes
Turn   | Place    | Note
-------+----------+-------------------------------------------
     0 | D:5      | qw the Gargoyle Delver began the quest for the Orb.
     0 | D:5      | Reached XP level 1. HP: 14/14 MP: 1/1
     0 | D:5      | 0 ||| qw: Version: 0.1-a-118-gb4e7ce6
     0 | D:5      | 0 ||| qw: Game counter: 10260
     0 | D:5      | 0 ||| qw: Always use a shield: true
     0 | D:5      | 0 ||| qw: God list: Okawaru
     0 | D:5      | 0 ||| qw: Allow faded altars: false
     0 | D:5      | 0 ||| qw: Do Orc after D:15 true
     0 | D:5      | 0 ||| qw: Do second Lair branch before Depths: true
     0 | D:5      | 0 ||| qw: Lair rune preference: random
     0 | D:5      | 0 ||| qw: Plans: Normal
     0 | D:5      | 0 ||| PLANNING D:1-11
    45 | D:5      | Noticed a hound
    65 | D:5      | HP: 3/14 [hound (3)]
    65 | D:5      | HP: 1/14 [hound (2)]
    67 | D:5      | Killed a hound
    68 | D:5      | Reached skill level 3 in Axes
    68 | D:5      | Reached XP level 2. HP: 2/19 MP: 2/2
    68 | D:5      | Reached XP level 3. HP: 3/23 MP: 3/3
   405 | D:5      | 405 ||| Stepping ~*~*~tactically~*~*~ (stealth).
   406 | D:5      | 406 ||| READING scroll labelled TIC VUULLISM.
   408 | D:5      | Found a radiant altar of Vehumet.
   409 | D:5      | 409 ||| DROPPING scroll of fog.
   410 | D:5      | 410 ||| DROPPING scroll of magic mapping.
   411 | D:5      | 411 ||| DROPPING scroll of fear.
   483 | D:5      | Found a glowing golden altar of the Shining One.
   530 | D:5      | Noticed an ice beast
   531 | D:5      | 531 ||| Stepping ~*~*~tactically~*~*~ (stealth).
   548 | D:5      | Slain by an ice beast

Levels and vault maps discovered:
D:5:      layout_basic, grunt_qazlal_clouds, minitemple,
          minmay_temple_entry_crystal_x, lightli_minifort

Skill      XL: |  1 |
---------------+----+-----
Axes           | 3 |  3.5
Fighting       | |  3.2
Dodging        | |  1.5
Stealth        | |  5.4

Action                   || total
-------------------------++-------
Melee: Hand axe          ||    48
  Use: Scroll            ||     1
Armor: Leather armour    ||    20
Dodge: Dodged            ||    39

Table legend:
 A = Non-vault XP
 B = Vault XP
 C = Vault XP percentage of total XP
 D = Non-vault monster count
 E = Vault monster count
 F = Vault count percentage of total count
                 A         B        C        D         E       F
            +---------+---------+-------+---------+---------+-------
      Total |      67 |       0 |   0.0 |       3 |       0 |   0.0
            +---------+---------+-------+---------+---------+-------
        D:5 |      67 |       0 |   0.0 |       3 |       0 |   0.0
            +---------+---------+-------+---------+---------+-------
